 Dungeon Crawl Stone Soup version 0.32-a0-931-g5a2cda0630 (webtiles) character file.

Game seed: 14215063394783120408

1848 jasper the Mimic (level 8, 0/60 HPs)
             Began as a Vampire Shapeshifter on Apr 13, 2024.
             Was a Believer of Makhleb.
             Slain by a gnoll sergeant
             ... wielding a +1 trident of flaming
              (11 damage)
             ... on level 6 of the Dungeon.
             The game lasted 00:08:27 (5280 turns).

jasper the Mimic (Vampire Shapeshifter)             Turns: 5280, Time: 00:08:27

Health: 0/60       AC:  4    Str: 15    XL:     8   Next: 88%
Magic:  8/8        EV: 17    Int: 12    God:    Makhleb [**....]
Gold:   231        SH:  5    Dex: 14    Spells: 7/7 levels left

rFire   . .          .
                       - Unarmed
rCold   + . .        (shield currently unavailable)
rNeg    + . .        a - melded +0 animal skin
rPois   .            (no helmet)
rElec   .            b - +2 cloak {Will+}
rCorr   .            e - +0 pair of gloves
SInv    +            (no boots)
Will    +....        x - amulet of reflection
Stlth   +            o - ring of protection from cold
HPRegen 0.50/turn    t - ring of positive energy
MPRegen 0.11/turn

%: reflection
@: flux-form, healing quickly, glowing, studying Shields
A: glow, contaminating, alive, fangs 3, see invisible, vampiric 2
a: Exsanguinate, Begin Untransformation, Renounce Religion, Minor Destruction


You were on level 6 of the Dungeon.
You worshipped Makhleb.
Makhleb was pleased with you.
You were something dangerously unstable.
You visited 1 branch of the dungeon, and saw 6 of its levels.

You collected 231 gold pieces.

Inventory:

Missiles
 h - 3 curare-tipped darts (quivered)
 q - 72 stones
 z - 5 boomerangs
Armour
 a - a +0 animal skin (melded)
 b - a +2 cloak of willpower (worn)
 e - a +0 pair of gloves (worn)
 i - an orb of guile
 B - a +0 buckler
Jewellery
 l - an amulet of the acrobat
 o - a ring of protection from cold (left hand)
 t - a ring of positive energy (right hand)
 x - an amulet of reflection (around neck)
Talismans
 c - a beast talisman
 d - a flux talisman (active)
Wands
 u - a wand of flame (22)
Scrolls
 n - a scroll of fear {unknown}
 r - a scroll of fog
 v - a scroll of noise
 y - 5 scrolls of blinking
Potions
 f - a potion of haste {unknown}
 g - 3 potions of curing
 j - 2 potions of heal wounds
 k - a potion of degeneration {unknown}
 m - a potion of cancellation {unknown}
 p - a potion of brilliance {unknown}
 s - 2 potions of attraction {unknown}
 w - a potion of invisibility {unknown}
 A - a potion of might {unknown}


   Skills:
 + Level 3.7 Fighting
 + Level 4.9 Dodging
 - Level 4.4 Stealth
 + Level 5.5 Unarmed Combat
 * Level 9.2 Shapeshifting


You had 7 spell levels left.
You didn't know any spells.
Your spell library was empty.

Dungeon Overview and Level Annotations

Branches:
Dungeon (6/15)             Temple (0/1) D:6

Altars:
Cheibriados
Kikubaaqudgha
Makhleb
Ru
Trog
Uskayaw
Vehumet


Innate Abilities, Weirdness & Mutations

You are something dangerously unstable.
You glow with magical radiation, making you easy to see and hit.
Foes you strike become dangerously contaminated with magical radiation.
You are incapable of wielding weapons or throwing items.
Your natural rate of healing is accelerated.
You have razor-sharp teeth.
You have supernaturally acute eyesight. (SInv)
You are afflicted with vampirism and can become a bat while bloodless.


Message History

a +0 halberd; a gnoll corpse
There is a stone staircase leading down here.
You start resting.
HP restored.
Health restored: 60 You climb downwards.
The gnoll sergeant misses you.
There is a stone staircase leading up, spattered with blood here.
Press: ? - help, v - describe, . - travel
Here: a gnoll sergeant, wielding a +1 trident of flaming and wearing a +0 ring mail The floor.
Unknown command.
The gnoll sergeant barely misses you.
You barely miss the gnoll sergeant.
The gnoll sergeant hits you with a +1 trident of flaming!
The gnoll sergeant burns you.
You take 19 damage, and have 41/60 hp.
MASSIVE DAMAGE!!
You hit the gnoll sergeant.
The gnoll sergeant begins to glow.
The gnoll sergeant is moderately wounded.
You hit the gnoll sergeant.
The gnoll sergeant glows dangerously bright.
The gnoll sergeant is moderately wounded.
The gnoll sergeant hits you with a +1 trident of flaming!
The gnoll sergeant burns you.
You take 15 damage, and have 26/60 hp.
MASSIVE DAMAGE!!
You hit the gnoll sergeant.
The gnoll sergeant shudders as magic cascades through it.
The gnoll sergeant twists and deforms.
The gnoll sergeant is heavily wounded.
The gnoll sergeant hits you with a +1 trident of flaming!
* * * LOW HITPOINT WARNING * * *
The gnoll sergeant burns you.
* * * LOW HITPOINT WARNING * * *
You take 16 damage, and have 10/60 hp.
MASSIVE DAMAGE!!
You closely miss the gnoll sergeant.
The gnoll sergeant is heavily wounded.
You block the gnoll sergeant's attack.
You barely miss the gnoll sergeant.
The gnoll sergeant is heavily wounded.
The gnoll sergeant hits you with a +1 trident of flaming!
You die...

..... ..#................. .....
.....#.......#....... ..##.
#..##.#..###..##.##...... ... .
#. ...#...##.###.#....... # #.
..##.......#.##.......### #.
..#.##....##......#........###
..##......##.............#.....##
.....##.>....#..g...##...#..#....
...#......##.#..p...###.##.......
...#.#.##.......<...#.#.##..#....
.....#.....#.##..........##.#....
..#....##..#.....................
..#.##.......##.......#.....#..##
.....).#.##...........##....#)...
..##.).#....##........###>.......
...)..............##..# #........
####......#[......##..###........


You could see a gnoll sergeant (misshapen).

Vanquished Creatures
  A kobold demonologist (D:5)
  Grinder (D:6)
  Menkaure (D:6)
  Duvessa (D:5)
  3 black bears
  A centaur (D:6)
  A phantom (D:5)
  Dowan (D:5)
  A killer bee (D:6)
  A bombardier beetle (D:5)
  2 jellies (D:5)
  2 hounds
  A sleepcap (D:4)
  Terence (D:2)
  5 iguanas
  5 adders
  16 gnolls
  A river rat (D:5)
  5 ribbon worms
  3 dart slugs
  11 orcs
  4 endoplasms
  2 giant cockroaches
  7 hobgoblins
  5 jackals (D:4)
  A quokka (D:5)
  7 ball pythons
  10 bats
  2 frilled lizards
  5 goblins
  8 kobolds
  6 rats
121 creatures vanquished.

Notes
Turn   | Place    | Note
-------+----------+-------------------------------------------
     0 | D:1      | jasper the Vampire Shapeshifter began the quest for the
                  | Orb.
     0 | D:1      | Reached XP level 1. HP: 14/14 MP: 1/1
    74 | D:1      | Reached skill level 1 in Stealth
   202 | D:1      | Reached XP level 2. HP: 17/20 MP: 2/2
   452 | D:1      | Gained mutation: You are afflicted with vampirism and can
                  | become a bat while bloodless. [Vampire growth]
   452 | D:1      | Reached XP level 3. HP: 11/25 MP: 3/3
   706 | D:2      | Reached skill level 4 in Shapeshifting
   730 | D:2      | Found a burning altar of Makhleb.
   793 | D:2      | Became a worshipper of Makhleb the Destroyer
  1835 | D:3      | Noticed Terence
  1852 | D:2      | Killed Terence
  1853 | D:2      | Reached XP level 4. HP: 31/31 MP: 4/4
  2010 | D:3      | Reached * piety under Makhleb
  2120 | D:3      | Reached skill level 5 in Shapeshifting
  2172 | D:3      | Found a sacrificial altar of Ru.
  2299 | D:3      | Found a snail-covered altar of Cheibriados.
  2373 | D:3      | Found a hide-covered altar of Uskayaw.
  2486 | D:4      | Reached XP level 5. HP: 29/36 MP: 5/5
  2586 | D:4      | Noticed a black bear
  2603 | D:4      | Killed a black bear
  2608 | D:4      | Reached skill level 6 in Shapeshifting
  2689 | D:4      | Reached XP level 6. HP: 38/42 MP: 6/6
  2867 | D:4      | Reached ** piety under Makhleb
  3112 | D:4      | Reached skill level 7 in Shapeshifting
  3150 | D:4      | Found a radiant altar of Vehumet.
  3398 | D:5      | Entered Level 5 of the Dungeon
  3404 | D:5      | Reached skill level 1 in Fighting
  3475 | D:5      | Noticed a kobold demonologist
  3481 | D:5      | Noticed a sun demon
  3494 | D:5      | Noticed a rust devil
  3525 | D:5      | Noticed a sixfirhy
  3536 | D:6      | Reached XP level 7. HP: 8/48 MP: 7/7
  3610 | D:5      | Killed a kobold demonologist
  3707 | D:5      | Found an ancient bone altar of Kikubaaqudgha.
  3721 | D:5      | Noticed Duvessa
  3725 | D:5      | Noticed Dowan
  3750 | D:5      | Killed Duvessa
  3759 | D:5      | Killed Dowan
  3760 | D:5      | Reached skill level 8 in Shapeshifting
  3937 | D:5      | Found a bloodstained altar of Trog.
  4190 | D:5      | Reached XP level 8. HP: 47/57 MP: 8/8
  4683 | D:6      | Noticed Menkaure
  4697 | D:6      | Killed Menkaure
  4698 | D:6      | Reached skill level 5 in Unarmed Combat
  4774 | D:6      | Noticed Grinder
  4780 | D:6      | Killed Grinder
  4841 | D:6      | Reached skill level 9 in Shapeshifting
  4851 | D:6      | Found a staircase to the Ecumenical Temple.
  5280 | D:6      | Slain by a gnoll sergeant

Illustrated notes

Levels and vault maps discovered:
D:1:      minmay_arrival_hallway, layout_basic
D:2:      layout_basic, basic_altar, minmay_misc_feat_columns,
          minmay_tiny_reverse_x
D:3:      layout_rooms, nicolae_ru_awakened_eye, slow_altar_1,
          overflow_temple_1_default, uniq_terence
D:4:      layout_basic, vehumet_altar_wand_db
D:5:      layout_basic, kiku_gazebo_pond_becter, trog_book,
          gup_sewer_entry_spiral, minmay_misc_feat_rugged, minmay_fountain_box,
          minmay_manual_mess, uniq_duvessa
D:6:      layout_cave_pools, okawaru_ov_weapons_minmay,
          minmay_temple_entry_ruins, serial_shops, shop_fountains,
          uniq_menkaure, uniq_grinder

Skill      XL: |  1  2  3  4  5  6  7  8 |
---------------+-------------------------+-----
Stealth        | 1 3 4 |  4.4
Shapeshifting  | 4 5 6 7 8 9 |  9.2
Fighting       | 1 2 3 |  3.7
Dodging        | 3 4 |  4.9
Unarmed Combat | 4 5 |  5.5

Action                     |  1- 3 |  4- 6 |  7- 9 || total
---------------------------+-------+-------+-------++-------
  Melee: Unarmed           |    86 |   194 |   177 ||   457
         Bite              |    11 |    22 |    29 ||    62
         Punch             |     2 |     1 |       ||     3
    Use: Scroll            |    11 |     1 |     1 ||    13
         Potion            |     1 |     1 |     1 ||     3
   Stab: Sleeping          |    13 |     2 |       ||    15
 Armour: Animal skin       |    40 |    29 |       ||    69
         Skin              |     7 |    63 |    64 ||   134
  Dodge: Dodged            |    38 |   163 |   115 ||   316
  Block: Other             |       |     8 |    27 ||    35
         Reflection        |       |       |     2 ||     2
   Form: Flux              |       |     1 |       ||     1

Table legend: (Time is in decaauts)
 A = Elapsed time spent in this place.
 B = Non-inter-level travel time spent in this place.
 C = Inter-level travel time spent in this place.
 D = Time resting spent in this place.
 E = Time spent auto-exploring this place.
 F = Levels seen in this place.
 G = Mean time per level.
                   A        B        C        D        E       F      G
               +--------+--------+--------+--------+--------+-----+--------+
         Total |   5292 |   5103 |    189 |    675 |   3077 |   6 |  882.0 |
       Dungeon |   5292 |   5103 |    189 |    675 |   3077 |   6 |  882.0 |
               +--------+--------+--------+--------+--------+-----+--------+

Top non-repeatable levels by time:
     D:5: 1497 daAuts
     D:2: 1361 daAuts
     D:4: 913 daAuts
     D:1: 611 daAuts
     D:3: 496 daAuts
     D:6: 412 daAuts
